 Dungeon Crawl Stone Soup version 0.20.0-7-g3b7b877 (webtiles) character file.

7592 Yarijo the Grappler (level 11, 0/97 HPs)
             Began as a Ghoul Monk on May 28, 2017.
             Was an Elder of Okawaru.
             Slain by an unseen horror (3 damage)
             ... on level 10 of the Dungeon.
             The game lasted 01:04:29 (16167 turns).

Yarijo the Grappler (Ghoul Monk)                   Turns: 16167, Time: 01:04:30

Health: 0/97       AC: 11    Str: 16    XL:     11   Next: 17%
Magic:  0/3        EV: 19    Int:  7    God:    Okawaru [****..]
Gold:   102        SH:  0    Dex: 15    Spells: 2/11 levels left

rFire    + . .     SeeInvis .   a - +1 mace (antimagic)
rCold    . . .     Gourm    .   (no shield)
rNeg     + + +     Faith    .   o - +0 troll leather armour
rPois    ∞         Spirit   +   (no helmet)
rElec    .         Reflect  .   A - +0 cloak
rCorr    .         Harm     .   B - +2 pair of gloves {Dex+3}
MR       .....                  m - +2 pair of boots {Fly}
Stlth    ++........             q - amulet of guardian spirit
Regen    0.0/turn               n - +2 ring of evasion
MPRegen  0.1/turn               u - ring of fire

@: rotting
A: rotting body, claws 1, carnivore 3, cold resistance 1, negative energy
resistance 3, inhibited regeneration, torment resistance, unbreathing
a: Heroism, Renounce Religion, Evoke Flight


You were on level 10 of the Dungeon.
You worshipped Okawaru.
Okawaru was greatly pleased with you.
You were not hungry.

You visited 2 branches of the dungeon, and saw 12 of its levels.

You collected 704 gold pieces.
You spent 602 gold pieces at shops.

Inventory:

Hand Weapons
 a - a +1 antimagic mace (weapon)
 b - a +0 flail of protection
 d - a +0 morningstar of electrocution
 p - a +0 halberd of chopping
Missiles
 e - a throwing net
 k - 13 tomahawks (quivered)
 l - a javelin of penetration
Armour
 m - a +2 pair of boots of flying (worn)
 o - a +0 troll leather armour (worn)
 A - a +0 cloak (worn)
 B - a +2 pair of gloves of dexterity (worn)
Jewellery
 n - a +2 ring of evasion (left hand)
 q - an amulet of guardian spirit (around neck)
 u - a ring of fire (right hand)
Wands
 c - a wand of digging (23/24)
 j - a wand of iceblast (7/15)
 C - a wand of polymorph (10/24)
Scrolls
 h - 2 scrolls of identify
 s - a scroll of amnesia
 t - 5 scrolls of remove curse
Books
 i - a book of Cantrips

   Spells                             Type                      Level
   a - Confusing Touch                Hexes                        1
   b - Animate Skeleton               Necromancy                   1
   c - Summon Small Mammal            Summoning                    1
   d - Apportation                    Translocation                1
 r - a book of Maledictions

   Spells                             Type                      Level
   a - Corona                         Hexes                        1
   b - Ensorcelled Hibernation        Hexes/Ice                    2
   c - Confuse                        Hexes                        3
   d - Tukima's Dance                 Hexes                        3
   e - Dazzling Spray                 Conjuration/Hexes            3
 G - a book of Frost

   Spells                             Type                      Level
   a - Freeze                         Ice                          1
   b - Throw Frost                    Conjuration/Ice              2
   c - Ozocubu's Armour               Charms/Ice                   3
   d - Throw Icicle                   Conjuration/Ice              4
   e - Summon Ice Beast               Ice/Summoning                4
Comestibles
 f - 5 royal jellies
 E - 2 meat rations


   Skills:
 * Level 9.4 Fighting
 - Level 0.1 Armour
 + Level 8.8 Dodging
 - Level 2.1 Stealth
 * Level 12.6 Unarmed Combat
 - Level 0.7 Spellcasting
 - Level 0.2 Hexes
 - Level 2.6 Ice Magic


You had 2 spell levels left.
You knew the following spells:

 Your Spells              Type           Power        Failure   Level  Hunger
a - Ensorcelled Hibernat  Hex/Ice        #.....       41%         2    ###....
b - Apportation           Tloc           #.....       47%         1    ##.....
c - Confusing Touch       Hex            #.....       43%         1    ##.....
d - Throw Icicle          Conj/Ice       #.......     97%         4    #####..
e - Freeze                Ice            #...         19%         1    ##.....


Dungeon Overview and Level Annotations

Branches:
Dungeon (11/15)            Temple (1/1) D:5
   Lair: D:8-11         Orc: D:9-12

Altars:
Ashenzari
Cheibriados
Dithmenos
Elyvilon
Fedhas
Gozag
Hepliaklqana
Kikubaaqudgha
Makhleb
Nemelex Xobeh
Okawaru
Qazlal
Ru
Sif Muna
Trog
Uskayaw
Vehumet
Xom
Yredelemnul
Zin
The Shining One

Shops:
D:9 [*[(

Annotations:
D:3 Edmund
D:4 Sigmund
D:7 OGRE
D:9 TROLL ARMOR HERE
D:10 Fannar


Innate Abilities, Weirdness & Mutations

Your body is rotting away.
You thrive on raw meat.
You are immune to poison.
You have sharp fingernails.
You are carnivorous and can eat meat at any time.
Your flesh is cold resistant. (rC+)
You are immune to negative energy. (rN+++)
You do not regenerate when monsters are visible.
You are immune to unholy pain and torment.
You can survive without breathing.


Message History

* * * LOW HITPOINT WARNING * * *
Something hits you but does no damage. Something closely misses you.
Something hits you but does no damage.
Fannar casts a spell.
Something barely misses you.
The ice beast hits you but does no damage.
Something hits you but does no damage. Something hits you.
* * * LOW HITPOINT WARNING * * *
Something barely misses you. Something hits you!
* * * LOW HITPOINT WARNING * * *
Something closely misses you. Something hits you.
* * * LOW HITPOINT WARNING * * *
Something hits you but does no damage.
There is a stone staircase leading up here.
Something hits you.
You die...

....##'####....#...#.....'
..(Y............#####.÷...#
.((.(.....................# ....
......................# #...
.........###########.# #####..#
######.....# #.#
.......#......#.....# #..
#......#......'.....# #..
#......#......#.@...# #..
#......##.... #.Y{..###########..
#.......#.....#.YY.....))))).....
#.......#.....#......#######.....
#.......#.....'.e....# #.....
#.......#######......# #.....
####.................# #.....
#.................# #.....
#.................# #.##'#


You could see Fannar and 3 ice beasts.

Vanquished Creatures
  A gargoyle (D:10)
  3 trolls
  A hippogriff (D:8)
  A vampire (D:9)
  A human (D:7)
  4 hogs (D:7)
  A hungry ghost (D:10)
  A soldier ant (D:10)
  An acid dragon (D:11)
  Duvessa (D:5)
  3 sky beasts
  A phantom (D:6)
  3 black bears
  A necrophage (D:8)
  2 ice beasts
  5 ogres
  4 centaurs
  4 big kobolds
  Blork the orc (D:5)
  A gnoll sergeant (D:10)
  A water moccasin zombie (D:11)
  A scorpion (D:8)
  A water moccasin skeleton (D:8)
  Dowan (D:5)
  15 killer bees
  A howler monkey (D:6)
  5 crimson imps
  A quasit (D:8)
  A centaur zombie (D:5)
  3 bullfrog zombies
  3 centaur skeletons
  4 hounds
  3 bullfrog skeletons
  A gnoll shaman (D:10)
  3 orc priests
  2 jellies
  10 orc wizards
  12 worker ants
  3 iguanas
  Natasha (thrice) (D:4)
  A hound skeleton (D:5)
  15 gnolls
  10 adders
  4 shadow imps
  An ooze (D:1)
  3 adder zombies
  3 adder skeletons
  A worm (D:3)
  A dart slug (D:1)
  8 leopard geckos
  29 orcs
  A bat skeleton (D:2)
  6 giant cockroaches
  5 goblins
  5 hobgoblins
  A jackal (D:7)
  25 kobolds
  7 quokkas
  A ball python (D:2)
  11 bats
  4 frilled lizards
  A giant cockroach zombie (D:2)
  7 rats
264 creatures vanquished.

Vanquished Creatures (others)
  2 plants (D:9)
2 creatures vanquished.

Grand Total: 266 creatures vanquished

Notes
Turn   | Place    | Note
-------+----------+-------------------------------------------
     0 | D:1      | Yarijo the Ghoul Monk began the quest for the Orb.
     0 | D:1      | Reached XP level 1. HP: 19/19 MP: 0/0
   179 | D:1      | Reached XP level 2. HP: 26/26 MP: 1/1
   619 | D:1      | Reached XP level 3. HP: 28/33 MP: 2/2
   907 | D:2      | Reached skill level 4 in Unarmed Combat
  1237 | D:2      | Found a faded altar of an unknown god.
  1609 | D:3      | Reached XP level 4. HP: 39/41 MP: 3/3
  2067 | D:3      | Reached skill level 5 in Unarmed Combat
  2087 | D:3      | Reached XP level 5. HP: 43/47 MP: 4/4
  2365 | D:3      | Found a shattered altar of Ashenzari.
  2368 | D:3      | Found a hide-covered altar of Uskayaw.
  2371 | D:3      | Found a glowing silver altar of Zin.
  2383 | D:3      | You are sucked into a shaft for 3 floors!
  2410 | D:6      | Learned a level 2 spell: Ensorcelled Hibernation
  2456 | D:6      | Reached skill level 1 in Ice Magic
  2476 | D:6      | Reached XP level 6. HP: 20/55 MP: 5/5
  2798 | D:6      | Reached skill level 5 in Fighting
  3113 | D:7      | Learned a level 1 spell: Apportation
  3115 | D:7      | Learned a level 1 spell: Confusing Touch
  3147 | D:7      | Reached skill level 6 in Unarmed Combat
  3160 | D:7      | Noticed a black bear
  3187 | D:7      | Killed a black bear
  3187 | D:7      | Reached XP level 7. HP: 56/61 MP: 4/6
  3259 | D:7      | Reached skill level 7 in Unarmed Combat
  3439 | D:7      | Noticed a hog
  3439 | D:7      | Noticed a human
  3439 | D:7      | Noticed a hog
  3439 | D:7      | Noticed a hog
  3440 | D:7      | Noticed a hog
  4419 | D:6      | Reached skill level 8 in Unarmed Combat
  4456 | D:5      | Entered Level 5 of the Dungeon
  4464 | D:5      | Reached XP level 8. HP: 38/70 MP: 3/7
  4656 | D:5      | Identified a scroll of acquirement
  4755 | D:4      | Noticed Sigmund
  4847 | D:5      | Noticed Blork the orc
  4851 | D:4      | Noticed Edmund
  4866 | D:5      | Killed Blork the orc
  5145 | D:5      | Noticed Duvessa
  5145 | D:5      | Noticed Dowan
  5440 | D:4      | Noticed Natasha
  6174 | D:4      | Killed Natasha
  6840 | D:7      | Reached skill level 5 in Dodging
  6850 | D:7      | Reached XP level 9. HP: 20/79 MP: 5/8
  8772 | D:5      | Killed Dowan
  8812 | D:5      | Killed Duvessa
  8812 | D:5      | Reached skill level 9 in Unarmed Combat
  9414 | D:4      | Noticed Natasha
  9422 | D:4      | Killed Natasha
  9557 | D:4      | Noticed Natasha
  9563 | D:4      | Killed Natasha
  9822 | D:5      | Found a staircase to the Ecumenical Temple.
  9828 | Temple   | Entered the Ecumenical Temple
 10042 | Temple   | Became a worshipper of Warmaster Okawaru
 10042 | Temple   | Reached * piety under Okawaru
 10042 | Temple   | Reached ** piety under Okawaru
 10177 | D:8      | Found a white marble altar of Elyvilon.
 10186 | D:8      | Noticed a two-headed ogre
 10868 | D:8      | Reached XP level 10. HP: 59/90 MP: 3/9
 11036 | D:8      | Reached skill level 10 in Unarmed Combat
 11536 | D:9      | Found Geah's Armour Shop.
 11554 | D:9      | Bought a +2 pair of gloves of dexterity for 301 gold pieces
 11608 | D:9      | Learned a level 4 spell: Throw Icicle
 11610 | D:9      | Learned a level 1 spell: Freeze
 11796 | D:9      | Noticed a two-headed ogre
 12901 | D:9      | Found Egyvi Sioma's General Store.
 12904 | D:9      | Bought a scroll of identify for 22 gold pieces
 12904 | D:9      | Bought a scroll of teleportation for 33 gold pieces
 12904 | D:9      | Bought a scroll of identify for 22 gold pieces
 12907 | D:9      | Found Nyifu's Antique Armour Emporium.
 13232 | D:9      | Noticed a two-headed ogre
 13363 | D:10     | Entered Level 10 of the Dungeon
 14088 | D:10     | Reached *** piety under Okawaru
 14109 | D:10     | Reached skill level 11 in Unarmed Combat
 14472 | D:10     | Noticed a gargoyle
 14490 | D:10     | Killed a gargoyle
 14872 | D:9      | Reached **** piety under Okawaru
 14916 | D:9      | Reached skill level 12 in Unarmed Combat
 14978 | D:10     | Noticed Fannar
 15142 | D:9      | Reached XP level 11. HP: 95/97 MP: 11/11
 15340 | D:9      | Found Feufo's Weapon Boutique.
 15345 | D:9      | Bought a +1 antimagic mace for 224 gold pieces
 15680 | D:11     | Found a glowing golden altar of the Shining One.
 16165 | D:10     | HP: 3/97 [something (4)]
 16167 | D:10     | Slain by an unseen horror

Skill      XL: |  1  2  3  4  5  6  7  8  9 10 |
---------------+-------------------------------+-----
Fighting       | 4 5 7 8 9 |  9.4
Unarmed Combat | 4 5 6 8 9 12 | 12.6
Ice Magic      | 1 2 |  2.6
Dodging        | 3 5 7 8 |  8.8
Armour         | |  0.1
Stealth        | |  2.1
Spellcasting   | |  0.7
Hexes          | |  0.2

Action                   |  1- 3 |  4- 6 |  7- 9 | 10-12 || total
-------------------------+-------+-------+-------+-------++-------
Melee: Unarmed           |    85 |   178 |   459 |   407 ||  1129
       Punch             |       |       |    21 |    15 ||    36
       Halberd           |       |       |       |    25 ||    25
       Morningstar       |       |       |       |    16 ||    16
       Spear             |       |       |       |     2 ||     2
       Mace              |       |       |       |    12 ||    12
Throw: Throwing net      |       |       |     1 |     6 ||     7
       Javelin           |       |       |       |    16 ||    16
       Tomahawk          |       |       |       |     9 ||     9
 Cast: Ensorcelled Hiber |       |       |       |     3 ||     3
Invok: Heroism           |       |       |     1 |     4 ||     5
 Abil: Stop Flying       |       |       |       |     1 ||     1
Evoke: Wand              |       |       |     2 |     1 ||     3
  Use: Scroll            |     5 |     4 |    14 |    12 ||    35
       Potion            |       |     7 |     5 |    13 ||    25
 Stab: Sleeping          |     1 |     2 |     2 |     6 ||    11
  Eat: Chunk             |     3 |     5 |    20 |    20 ||    48
       Meat ration       |       |       |     4 |       ||     4
       Royal jelly       |       |       |     3 |       ||     3
Armor: Robe              |    18 |       |    13 |    36 ||    67
       Leather armour    |     9 |    46 |    70 |       ||   125
       Troll leather arm |       |       |       |    97 ||    97
Dodge: Dodged            |    73 |   133 |   280 |   521 ||  1007
